 Dungeon Crawl Stone Soup version 0.23-a0-556-g351818a (webtiles) character file.

31921 zishaf the Fighter (level 13, -9/116 (117) HPs)
             Began as a White Draconian Earth Elementalist on Dec 10, 2018.
             Was a High Priest of Dithmenos.
             Mangled by a sphinx (11 damage)
             ... summoned by Kirke
             ... on level 5 of the Lair of Beasts.
             The game lasted 00:52:19 (23616 turns).

zishaf the Fighter (DrEE)                          Turns: 23616, Time: 00:52:20

HP:   -9/116 (117)  AC:  0    Str: 12    XL:     13   Next: 28%
MP:   21/21         EV: 20    Int: 23    God:    Dithmenos [*****.]
Gold: 1091          SH:  0    Dex: 12    Spells: 13/22 levels left

rFire    . . .     SeeInvis .   (weapon currently unavailable)
rCold    . . .     Gourm    .   (shield currently unavailable)
rNeg     . . .     Faith    .   (armour unavailable)
rPois    .         Spirit   .   (helmet currently unavailable)
rElec    .         Reflect  .   (cloak currently unavailable)
rCorr    .         Harm     .   (gloves currently unavailable)
MR       .....                  (boots currently unavailable)
Stlth    ++++......             k - amulet of magic regeneration
HPRegen  0.29/turn              (ring currently unavailable)
MPRegen  0.42/turn              (ring currently unavailable)

@: pig-form, slowed, wreathed by umbra
A: small, (breathe frost), unfitting armour, clever 1, strong 1, AC +8
a: Shadow Step, Shadow Form, Renounce Religion


You were on level 5 of the Lair of Beasts.
You worshipped Dithmenos.
Dithmenos was extremely pleased with you.
You were not hungry.
You were a filthy swine.
You visited 3 branches of the dungeon, and saw 17 of its levels.
You also visited: Gauntlet.

You collected 1091 gold pieces.

Inventory:

Hand Weapons
 a - a +3 dagger of venom (melded)
Missiles
 A - 87 stones (quivered)
Armour
 i - a +0 pair of gloves of dexterity (melded)
 p - a +2 hat (melded)
 v - a +1 pair of gloves
Jewellery
 f - an uncursed ring of protection from magic
 j - a +5 ring of evasion
 k - an amulet of magic regeneration (around neck)
 y - the ring of Muroatai (melded) {rPois rF- rC+ MP+9 Stlth+}
   (You found it in a Gauntlet)

   [ring of stealth]

   It makes you vulnerable to fire.
   It protects you from cold.
   It protects you from poison.
   It affects your magic capacity (+9).
   It makes you more stealthy.
 C - a ring of magical power (melded)
 D - an uncursed ring of wizardry
 G - an uncursed amulet of the acrobat
 J - a +4 ring of strength
 T - an uncursed ring of fire
Wands
 n - a wand of acid (9)
 E - a wand of enslavement (9)
 F - a wand of random effects (17)
 I - a wand of flame (11)
 K - a wand of digging (7)
 P - a wand of paralysis (16)
Scrolls
 b - 3 scrolls of amnesia
 d - 8 scrolls of remove curse
 g - 2 scrolls of fear
 h - 2 scrolls of enchant weapon
 l - 6 scrolls of teleportation
 m - 6 scrolls of blinking
 q - a scroll of enchant armour
 w - a scroll of immolation
 V - a scroll of brand weapon
Potions
 e - 7 potions of curing
 o - 2 potions of might
 r - 2 potions of invisibility
 s - 2 potions of mutation
 t - 4 potions of heal wounds
 u - 4 potions of brilliance
 z - 4 potions of lignification {unknown}
 B - a potion of cancellation
 H - 2 potions of flight
 L - a potion of agility
 M - 3 potions of haste {unknown}
 Q - a potion of berserk rage
 R - a potion of degeneration
 S - a potion of resistance
Miscellaneous
 x - a lightning rod (4/4)
 O - a phial of floods
Comestibles
 c - 17 rations
 U - 5 chunks of flesh


   Skills:
 + Level 11.8 Fighting
 - Level 4.8 Short Blades
 + Level 10.2 Dodging
 - Level 4.0 Stealth
 + Level 5.4 Spellcasting
 - Level 8.2 Conjurations
   Level 1.0 Transmutations
 - Level 10.2 Earth Magic
 - Level 5.1 Invocations
 * Level 6.0 Evocations


You had 13 spell levels left.
You knew the following spells:

 Your Spells              Type           Power        Failure   Level  Hunger
a - Sandblast             Erth           ######       1%          1    None
b - Stone Arrow           Conj/Erth      #####.       1%          3    ##.....
c - Lee's Rapid Deconstr  Erth           ######....   3%          5    #####..

Your spell library contained the following spells:

 Spells                   Type           Power        Failure   Level  Hunger
 Magic Dart               Conj           ####         1%          1    None
 Passwall                 Tmut/Erth      ####....     1%          2    None
 Searing Ray              Conj           #####.       1%          2    None
 Iskenderun's Mystic Bla  Conj           #####...     3%          4    ####...
 Dazzling Spray           Conj/Hex       ####..       4%          3    ##.....
 Animate Skeleton         Necr           N/A          9%          1    None
 Apportation              Tloc           #.....       9%          1    None
 Confusing Touch          Hex            #.....       9%          1    None
 Corona                   Hex            #......      9%          1    None
 Summon Small Mammal      Summ           #...         9%          1    None
 Petrify                  Tmut/Erth      ####....     9%          4    ####...
 Ensorcelled Hibernation  Hex/Ice        #.....       14%         2    None
 Force Lance              Conj/Tloc      ####....     17%         4    ####...
 Fulminant Prism          Conj/Hex       ####......   17%         4    ####...
 Confuse                  Hex            #.......     26%         3    ##.....
 Tukima's Dance           Hex            #.......     26%         3    ##.....


Dungeon Overview and Level Annotations

Branches:
Dungeon (11/15)            Temple (1/1) D:5            Lair (5/6) D:8
  Swamp (0/4) Lair:4       Spider (0/4) Lair:2
  Slime: Lair:5-6       Orc: D:9-12

Altars:
Ashenzari
Cheibriados
Dithmenos
Elyvilon
Fedhas
Gozag
Hepliaklqana
Kikubaaqudgha
Makhleb
Nemelex Xobeh
Okawaru
Qazlal
Ru
Sif Muna
Trog
Uskayaw
Vehumet
Wu Jian
Xom
Yredelemnul
Zin
The Shining One

Shops:
D:4 ?   D:5 [   D:8 %

Annotations:
D:7 2 transporters, CougarLife's ghost, novice GnFi
Lair:5 Kirke


Innate Abilities, Weirdness & Mutations

((You can breathe waves of freezing cold.))
((You can buffet flying creatures when you breathe cold.))
((Your icy white scales are hard. (AC +8)))
You cannot fit into any form of body armour.
((Your flesh is cold resistant. (rC+)))
((You are cold-blooded and may be slowed by cold attacks.))
Your mind is acute. (Int +2)
Your muscles are strong. (Str +2)


Message History

The hog misses you. Kirke hits you! The sphinx closely misses you.
The sphinx hits you. The sphinx completely misses you.
You hit Kirke.
Kirke is almost dead.
The hog barely misses you. Kirke gestures at you while chanting.
You feel a momentary urge to oink. The sphinx hits you!
The sphinx completely misses you. The sphinx misses you.
The hog closely misses you. Kirke gestures at you while chanting.
You struggle to resist.
The sphinx hits you. x2; The sphinx hits you!
* * * LOW HITPOINT WARNING * * *
You closely miss Kirke.
Kirke is almost dead.
The hog barely misses you. Kirke hits you!
* * * LOW HITPOINT WARNING * * *
The sphinx hits you!
* * * LOW HITPOINT WARNING * * *
The sphinx hits you!
You die...

##.P...#..PP##.####
..................#
.#......##.P#....##
P####.P########..P## # .#
#..#.######....##P#
..#####.###.##..)...P.#
.....#..#.#...........#
.............##H@#.....#
#..#....PP..>..hh#.....P#
.>...####.......†........
....#####....##.....#####
.......###P..#P.....#
.....................#
....................##
......P...(..P.......#
.....÷..............#.
#P....P..###...


You could see Kirke, a sphinx and a hog.

Vanquished Creatures
  Rupert (Lair:3)
  Gastronok (Lair:3)
  A minotaur (Gauntlet)
  Erolcha (D:10)
  A queen ant (Lair:2)
  A two-headed ogre (D:8)
  Urug (D:11)
  Sonja (Lair:4)
  2 cyclopes
  3 oklob plants
  5 elephants
  2 centaur zombies (D:9)
  2 black mambas
  9 spiny frogs
  A rime drake (Lair:3)
  A minotaur zombie (Gauntlet)
  3 komodo dragons
  An ice devil (Gauntlet)
  A polar bear (Lair:2)
  4 trolls
  7 blink frogs
  8 hippogriffs
  2 wyverns
  17 yaks
  A tarantella (Lair:2)
  Eustachio (D:3)
  2 basilisks (Lair:2)
  4 hogs (Lair:5)
  A hungry ghost (D:9)
  A naga (shapeshifter) (Gauntlet)
  4 soldier ants (Lair:2)
  10 water moccasins
  3 porcupines
  An eye of draining (D:8)
  3 phantoms
  A black bear (D:6)
  3 ice beasts
  An orc warrior (D:9)
  3 sky beasts
  A necrophage (D:9)
  6 wolves (Lair:1)
  5 ogres
  8 crocodiles
  5 centaurs
  4 big kobolds
  14 bullfrogs
  A wyvern zombie (D:9)
  A water moccasin zombie (D:9)
  3 scorpions
  16 wights
  An electric eel (Lair:4)
  6 howler monkeys
  2 crimson imps
  A quasit (D:6)
  4 orc priests
  4 hounds
  3 jellies
  4 bullfrog skeletons
  2 centaur skeletons
  11 orc wizards
  An iguana (D:4)
  18 worker ants
  A hound zombie (D:11)
  2 hound skeletons
  A mummy (D:9)
  A worker ant zombie (D:10)
  10 gnolls
  15 adders
  2 shadow imps
  2 white imps (Gauntlet)
  3 oozes
  An adder skeleton (D:4)
  3 worms
  2 dart slugs (D:1)
  3 leopard geckos
  65 orcs
  5 bats
  8 giant cockroaches
  5 hobgoblins
  23 jackals
  22 kobolds
  7 quokkas
  A ball python (D:2)
  A frilled lizard (D:1)
  9 goblins
  A quokka skeleton (D:4)
  5 rats
  A fungus (Lair:2)
  A plant (Lair:2)
436 creatures vanquished.

Vanquished Creatures (others)
  A hippogriff (Lair:1)
  A fungus (Lair:1)
  32 plants
34 creatures vanquished.

Grand Total: 470 creatures vanquished

Notes
Turn   | Place    | Note
-------+----------+-------------------------------------------
     0 | D:1      | zishaf the Draconian Earth Elementalist began the quest for
                  | the Orb.
     0 | D:1      | Reached XP level 1. HP: 14/14 MP: 3/3
   381 | D:1      | Reached XP level 2. HP: 18/22 MP: 0/5
   412 | D:1      | Reached skill level 1 in Fighting
  1078 | D:2      | Reached XP level 3. HP: 18/28 MP: 0/6
  1147 | D:2      | Found a stormy altar of Qazlal.
  1541 | D:2      | Reached skill level 2 in Fighting
  1641 | D:2      | Found a white marble altar of Elyvilon.
  1711 | D:2      | Learned a level 3 spell: Stone Arrow
  1853 | D:3      | Reached XP level 4. HP: 36/36 MP: 5/7
  1896 | D:3      | Found a shattered altar of Ashenzari.
  2092 | D:3      | Found a snail-covered altar of Cheibriados.
  2246 | D:3      | Reached XP level 5. HP: 29/42 MP: 2/8
  2284 | D:3      | Reached skill level 3 in Fighting
  3020 | D:4      | Noticed Eustachio
  3258 | D:3      | Reached XP level 6. HP: 41/51 MP: 1/9
  3272 | D:3      | Learned a level 5 spell: Lee's Rapid Deconstruction
  3680 | D:3      | Killed Eustachio
  3680 | D:3      | Reached skill level 4 in Fighting
  3680 | D:3      | Reached skill level 5 in Earth Magic
  4107 | D:3      | Your scales start taking on an icy white colour.
  4107 | D:3      | Reached XP level 7. HP: 50/59 MP: 3/10
  4107 | D:3      | Gained mutation: Your flesh is cold resistant. (rC+) [White
                  | Draconian growth]
  4725 | D:4      | Noticed an angel
  4727 | D:4      | Found a glowing silver altar of Zin.
  4727 | D:4      | Found a shimmering altar of Xom.
  4743 | D:4      | Found Emmiex's Magic Scroll Emporium.
  5040 | D:5      | Entered Level 5 of the Dungeon
  5050 | D:5      | Got a steaming ring mail
  5081 | D:5      | Found Vouseam's Antique Armour Shoppe.
  5148 | D:5      | Found a staircase to the Ecumenical Temple.
  5170 | Temple   | Entered the Ecumenical Temple
  5254 | Temple   | Became a worshipper of Dithmenos the Shadowed
  6080 | D:5      | Reached skill level 5 in Fighting
  6356 | D:5      | Found a sacrificial altar of Ru.
  6416 | D:5      | Reached XP level 8. HP: 68/68 MP: 4/11
  6502 | D:5      | Found a radiant altar of Vehumet.
  6722 | D:6      | Reached skill level 5 in Dodging
  7304 | D:6      | Reached * piety under Dithmenos
  7388 | D:6      | Reached skill level 6 in Fighting
  7815 | D:6      | Found a blossoming altar of Fedhas.
  8060 | D:6      | Reached XP level 9. HP: 50/78 MP: 2/12
  8361 | D:6      | Reached ** piety under Dithmenos
  8931 | D:7      | Found a transporter.
  8932 | D:7      | Noticed CougarLife's ghost (novice GnFi)
  8949 | D:7      | Found a transporter.
  9021 | D:7      | Reached skill level 7 in Fighting
 10100 | D:8      | Reached *** piety under Dithmenos
 10303 | D:8      | Noticed a cyclops
 10708 | D:8      | Killed a cyclops
 10708 | D:8      | Reached skill level 1 in Invocations
 10825 | D:8      | Found an iron altar of Okawaru.
 10878 | D:8      | Found Xakh's Food Emporium.
 11052 | D:8      | Reached skill level 10 in Earth Magic
 11092 | D:8      | Found a sparkling altar of Nemelex Xobeh.
 11145 | D:8      | Found a staircase to the Lair.
 11237 | D:8      | Reached XP level 10. HP: 88/88 MP: 14/14
 11651 | D:9      | Noticed a two-headed ogre
 12341 | D:9      | Reached skill level 8 in Fighting
 13119 | D:8      | Killed a two-headed ogre
 13119 | D:8      | Reached skill level 1 in Conjurations
 13540 | D:9      | Found a hazy altar of Hepliaklqana.
 14033 | D:9      | Found an opulent altar of Gozag.
 14292 | D:10     | Entered Level 10 of the Dungeon
 14447 | D:10     | Reached skill level 5 in Spellcasting
 14682 | D:10     | Noticed Erolcha
 14690 | D:10     | Killed Erolcha
 14770 | D:10     | Reached XP level 11. HP: 77/94 MP: 4/18
 14770 | D:10     | Reached **** piety under Dithmenos
 14941 | D:10     | Reached skill level 9 in Fighting
 15244 | D:10     | Reached skill level 5 in Conjurations
 15348 | D:11     | Identified a scroll of acquirement
 15416 | D:11     | Found a gate leading to a gauntlet.
 15424 | Gauntlet | Entered a Gauntlet
 15424 | Gauntlet | Found a transporter.
 15424 | Gauntlet | Found a transporter.
 15647 | Gauntlet | Found a transporter.
 15662 | Gauntlet | Found a transporter.
 15676 | Gauntlet | Found a transporter.
 15692 | Gauntlet | Found a transporter.
 15704 | Gauntlet | Noticed a reaper
 15705 | Gauntlet | Found a transporter.
 15770 | Gauntlet | Noticed a fire crab
 15771 | Gauntlet | Found a transporter.
 15788 | Gauntlet | Found a transporter.
 15799 | Gauntlet | Noticed a soul eater
 15800 | Gauntlet | Found a transporter.
 15816 | Gauntlet | Found a transporter.
 15827 | Gauntlet | Noticed a death ooze
 15829 | Gauntlet | Found a transporter.
 15896 | Gauntlet | Found a transporter.
 15900 | Gauntlet | Found a transporter.
 15904 | Gauntlet | Noticed a large abomination
 15907 | Gauntlet | Found a transporter.
 15907 | Gauntlet | Found a transporter.
 16093 | Gauntlet | Got a brightly glowing tin ring
 16111 | Gauntlet | Identified the ring of Muroatai {rPois rF- rC+ MP+9 Stlth+}
                  | (You found it in a Gauntlet)
 16138 | Gauntlet | Noticed a minotaur
 16174 | Gauntlet | HP: 3/96 [minotaur/javelin (24)]
 16178 | Gauntlet | Killed a minotaur
 16178 | Gauntlet | Reached skill level 5 in Invocations
 16499 | Gauntlet | Got a brightly glowing leather armour
 17191 | D:11     | Noticed Urug
 17201 | D:11     | Killed Urug
 17517 | D:11     | Found a sacrificial altar of Ru.
 17666 | D:11     | Gained mutation: Your muscles are strong. (Str +2) [potion
                  | of mutation]
 17666 | D:11     | Gained mutation: Your mind is acute. (Int +2) [potion of
                  | mutation]
 17784 | Lair:1   | Entered Level 1 of the Lair of Beasts
 17933 | Lair:1   | Reached skill level 10 in Fighting
 19149 | Lair:2   | Reached XP level 12. HP: 105/105 MP: 19/19
 19153 | Lair:2   | Reached ***** piety under Dithmenos
 19218 | Lair:2   | Reached skill level 1 in Short Blades
 19693 | Lair:2   | Found a hole to the Spider Nest.
 20004 | Lair:2   | Noticed a queen ant
 20022 | Lair:2   | Killed a queen ant
 20022 | Lair:2   | Reached skill level 1 in Evocations
 20898 | Lair:3   | Noticed Rupert
 20911 | Lair:3   | Killed Rupert
 21077 | Lair:3   | Noticed Gastronok
 21101 | Lair:3   | Reached skill level 11 in Fighting
 21762 | Lair:3   | Killed Gastronok
 22515 | Lair:3   | Reached XP level 13. HP: 115/115 MP: 20/20
 22576 | Lair:4   | Reached skill level 10 in Dodging
 22582 | Lair:4   | Noticed Sonja
 22588 | Lair:4   | Killed Sonja
 22656 | Lair:4   | Reached skill level 5 in Evocations
 22863 | Lair:4   | Found a staircase to the Swamp.
 23513 | Lair:5   | Noticed Kirke
 23604 | Lair:5   | Noticed a sphinx
 23616 | Lair:5   | HP: 2/116 [sphinx[Kirke] (11)]
 23616 | Lair:5   | Mangled by a sphinx

Vault maps used:
D:1:      evilmike_arrival_rings
D:2:      nicolae_overflow_crystal_walls, lemuel_doored_altar
D:3:      minmay_diamond_boxcup, ashenzari_conservatory_becter,
          cheibriados_altar_1, first_ration
D:4:      grunt_temple_overflow_order_and_chaos_1, serial_shops, shop_scrolls,
          uniq_eustachio
D:5:      lemuel_coloured_pillars_altar, kennysheep_mini_moat,
          minmay_temple_entry_offerings, serial_shops, shop
D:6:      fedhas_altar_1
D:7:      gammafunk_ghost_arena
D:8:      okawaru_metal_pillars_3, kennysheep_mini, lair_entry_dummy,
          serial_shops, nicolae_shop_waterfront
D:9:      marbit_many_paths, overflow_temple_1_default, serial_undead,
          serial_undead_b, serial_undead_b, serial_undead_e, serial_undead_a,
          serial_undead_a, serial_undead_c
D:10:     grunt_ogre_cave, uniq_erolcha
D:11:     gauntlet_entry_generic, enter_bailey_3,
          nicolae_ru_sacrificial_ziggurat, uniq_urug
Temple:   cyrus_temple_forest
Lair:1:   wad_woods_road_01, lemuel_old_faithful, grunt_megastairs_4,
          lemuel_fruit_tree
Lair:2:   spider_nest_entry_rubble, minmay_lair_oklob_items,
          minmay_another_anthill
Lair:3:   grunt_megastairs_5, minmay_lair_oklob_chamber, uniq_gastronok,
          uniq_rupert
Lair:4:   swamp_mist_pool, fungi_pond_lemuel, columned_hall_lemuel, uniq_sonja
Lair:5:   slime_altar_1, st_stairs_3, bobbens_dragon_lair_wall,
          lemuel_fruit_fields, uniq_kirke
Gauntlet: gammafunk_gauntlet_branching

Skill      XL: |  1  2  3  4  5  6  7  8  9 10 11 12 13 |
---------------+----------------------------------------+-----
Stealth        | 2 4 |  4.0
Dodging        | 2 3 4 5 6 7 8 9 10 | 10.2
Fighting       | 1 2 3 4 5 6 7 8 10 11 | 11.8
Earth Magic    | 4 5 6 8 10 | 10.2
Invocations    | 1 4 5 |  5.1
Spellcasting   | 3 5 |  5.4
Conjurations   | 4 8 |  8.2
Short Blades   | 4 |  4.8
Evocations     | 4 6 |  6.0
Transmutations | |  1.0

Action                   |  1- 3 |  4- 6 |  7- 9 | 10-12 | 13-15 || total
-------------------------+-------+-------+-------+-------+-------++-------
Melee: Unarmed           |    26 |   170 |   113 |       |     9 ||   318
       Tailslap          |     3 |    13 |    65 |    57 |     1 ||   139
       Dagger            |       |       |   440 |   349 |    10 ||   799
 Cast: Sandblast         |    46 |    24 |    28 |   132 |     8 ||   238
       Stone Arrow       |       |    40 |    91 |   223 |    49 ||   403
       Lee's Rapid Decon |       |       |     9 |    44 |     6 ||    59
 Abil: Breathe Frost     |       |       |     1 |       |       ||     1
Evoke: Wand              |       |       |       |     5 |       ||     5
  Use: Scroll            |       |       |     1 |    19 |     4 ||    24
       Potion            |       |       |       |     1 |       ||     1
 Stab: Sleeping          |       |     2 |     5 |    12 |     5 ||    24
       Distracted        |       |       |     2 |       |       ||     2
  Eat: Chunk             |     3 |    13 |    29 |    19 |     5 ||    69
       Ration            |       |       |     3 |    13 |       ||    16
Armor: Skin              |     6 |    33 |   104 |    76 |    30 ||   249
Dodge: Dodged            |    31 |   206 |   589 |   574 |    80 ||  1480

Table legend:
 A = Non-vault XP
 B = Vault XP
 C = Vault XP percentage of total XP
 D = Non-vault monster count
 E = Vault monster count
 F = Vault count percentage of total count
                 A         B        C        D         E       F
            +---------+---------+-------+---------+---------+-------
      Total |   28772 |   16830 |  36.9 |     364 |      70 |  16.1
            +---------+---------+-------+---------+---------+-------
        D:1 |      36 |       0 |   0.0 |      16 |       0 |   0.0
        D:2 |      49 |      28 |  36.4 |      15 |       3 |  16.7
        D:3 |     438 |     205 |  31.9 |      27 |       5 |  15.6
        D:4 |     175 |       0 |   0.0 |      24 |       0 |   0.0
        D:5 |     722 |       0 |   0.0 |      23 |       0 |   0.0
        D:6 |    1273 |       0 |   0.0 |      34 |       0 |   0.0
        D:7 |    1182 |       0 |   0.0 |      43 |       0 |   0.0
        D:8 |    2789 |       0 |   0.0 |      36 |       0 |   0.0
        D:9 |    1471 |     875 |  37.3 |      17 |      10 |  37.0
       D:10 |    2577 |    1100 |  29.9 |      32 |       2 |   5.9
       D:11 |    1868 |     845 |  31.1 |      22 |       5 |  18.5
     Lair:1 |    3249 |     597 |  15.5 |      20 |       2 |   9.1
     Lair:2 |    3528 |    2584 |  42.3 |      16 |      21 |  56.8
     Lair:3 |    3319 |    6715 |  66.9 |      16 |       9 |  36.0
     Lair:4 |    5482 |     788 |  12.6 |      19 |       1 |   5.0
     Lair:5 |     614 |     990 |  61.7 |       4 |       5 |  55.6
   Gauntlet |       0 |    2103 | 100.0 |       0 |       7 | 100.0
            +---------+---------+-------+---------+---------+-------
